[ AOE2 MATCH · #504949391 ]
UnrankedPersians vs Jurchens
Player's team · WIN
[ REPLAY ANALYSIS · EXTRACTED FROM THE RECORDED GAME ]
Feudal
10:01
Castle
21:00
Imperial
41:32
| APM avg | 58.5 |
| APM peak | 111 |
| eAPM avg | 31.2 |
| Villagers / military | 191 / 371 |
Focus
⚔️ 50.3% · 🌾 49.7%
Camel Scout ×148 · Skirmisher ×94 · Hand Cannoneer ×67 · Trebuchet (Packed) ×14 · Archer ×12 · Knight ×12
Feudal
9:16
Castle
22:18
Imperial
39:12
| APM avg | 52.4 |
| APM peak | 107 |
| eAPM avg | 27.6 |
| Villagers / military | 202 / 241 |
Focus
⚔️ 41.6% · 🌾 58.4%
Spearman ×90 · Cavalry Archer ×70 · Unknown (1908) ×53 · Archer ×47 · Trebuchet (Packed) ×11 · Iron Pagoda ×7
Match map
Initial resources + every placement click. Lines = walls · curves = elevation contours. ◆ gold · ⬟ stone · ● berries · ✦ relic · ◌ wall gap
Your base· ✓ Closed at 21:00 · 36t walls · no gate
[ASYNC]GodsPrisoner's base· Open — opponent sealed themselves in
Smoothed initial terrain · ◌ = detected wall gap · hover for details
Inputs per minute
— CNZS_Still in Love - - [ASYNC]GodsPrisoner
Build order — CNZS_Still in Love
First 150 of 681 actions detected
| 0:00 | Create | Villager (Male) ×5 |
| 0:01 | Create | Villager (Male) ×5 |
| 0:02 | Build | House |
| 0:04 | Build | House |
| 1:22 | Create | Villager (Male) |
| 1:50 | Build | Lumber Camp |
| 1:57 | Create | Villager (Male) |
| 1:58 | Create | Villager (Male) |
| 2:08 | Create | Villager (Male) |
| 2:08 | Create | Villager (Male) |
| 2:45 | Create | Villager (Male) |
| 3:01 | Create | Villager (Male) |
| 3:37 | Build | House |
| 3:50 | Create | Villager (Male) |
| 3:50 | Create | Villager (Male) |
| 4:00 | Build | Barracks |
| 4:06 | Create | Villager (Male) |
| 4:06 | Create | Villager (Male) |
| 4:16 | Build | House |
| 4:21 | Create | Villager (Male) |
| 4:44 | Create | Villager (Male) |
| 5:01 | Create | Militia |
| 5:12 | Create | Villager (Male) |
| 5:24 | Create | Militia |
| 5:33 | Build | Mill |
| 5:41 | Create | Villager (Male) |
| 5:47 | Build | House |
| 5:56 | Create | Villager (Male) |
| 5:56 | Create | Villager (Male) |
| 6:28 | Create | Villager (Male) |
| 6:45 | Create | Villager (Male) |
| 6:45 | Research | Loom |
| 7:04 | Build | Mining Camp |
| 7:49 | Research | Feudal Age |
| 7:49 | Research | Feudal Age |
| 8:12 | Build | Lumber Camp |
| 8:28 | Create | Militia |
| 8:41 | Create | Villager (Male) |
| 8:51 | Build | Palisade Wall |
| 8:56 | Build | Palisade Wall |
| 8:58 | Create | Militia |
| 9:06 | Build | Palisade Wall |
| 9:26 | Build | House |
| 10:01 | Age | Feudal Age |
| 10:03 | Build | House |
| 10:05 | Build | Archery Range |
| 10:09 | Research | Man-at-Arms (upgrade) |
| 10:09 | Research | Man-at-Arms (upgrade) |
| 10:10 | Create | Villager (Male) |
| 10:14 | Build | Mill |
| 10:24 | Create | Villager (Male) |
| 10:35 | Build | Farm |
| 10:39 | Build | Farm |
| 10:45 | Build | House |
| 10:46 | Build | Palisade Wall |
| 11:08 | Build | Farm |
| 11:15 | Build | Palisade Wall |
| 11:21 | Create | Villager (Male) |
| 11:22 | Create | Villager (Male) |
| 11:23 | Build | Palisade Wall |
| 11:26 | Create | Archer |
| 11:33 | Build | Farm |
| 11:40 | Build | Farm |
| 11:46 | Build | Farm |
| 11:50 | Create | Villager (Male) |
| 11:50 | Create | Villager (Male) |
| 12:02 | Create | Archer |
| 12:07 | Create | Villager (Male) |
| 12:08 | Create | Villager (Male) |
| 12:14 | Build | House |
| 12:15 | Build | House |
| 12:17 | Create | Archer |
| 12:24 | Create | Villager (Male) |
| 12:25 | Create | Villager (Male) |
| 12:29 | Build | Farm |
| 12:34 | Create | Villager (Male) |
| 12:39 | Build | Palisade Wall |
| 12:41 | Create | Archer |
| 12:48 | Create | Spearman |
| 12:54 | Build | Palisade Wall |
| 12:59 | Build | House |
| 13:03 | Create | Villager (Male) |
| 13:04 | Create | Villager (Male) |
| 13:08 | Build | Palisade Wall |
| 13:12 | Build | Palisade Wall |
| 13:13 | Build | Palisade Wall |
| 13:18 | Create | Villager (Male) |
| 13:18 | Create | Villager (Male) |
| 13:22 | Build | House |
| 13:23 | Build | Palisade Wall |
| 13:25 | Build | Palisade Wall |
| 13:27 | Build | Palisade Wall |
| 13:28 | Create | Villager (Male) |
| 13:28 | Create | Villager (Male) |
| 13:40 | Build | Farm |
| 13:52 | Create | Villager (Male) |
| 13:52 | Create | Villager (Male) |
| 14:03 | Build | Farm |
| 14:20 | Create | Villager (Male) |
| 14:20 | Create | Villager (Male) |
| 14:22 | Build | Farm |
| 14:26 | Create | Villager (Male) |
| 14:26 | Create | Villager (Male) |
| 14:38 | Build | Farm |
| 14:53 | Create | Villager (Male) |
| 15:01 | Create | Spearman |
| 15:11 | Create | Villager (Male) |
| 15:20 | Build | Farm |
| 15:22 | Build | Farm |
| 15:40 | Build | House |
| 15:40 | Create | Villager (Male) |
| 15:45 | Create | Archer |
| 15:47 | Build | Farm |
| 15:58 | Create | Archer |
| 16:07 | Build | Farm |
| 16:08 | Build | Farm |
| 16:24 | Create | Archer |
| 16:29 | Create | Villager (Male) |
| 16:44 | Create | Villager (Male) |
| 16:51 | Build | Blacksmith |
| 16:58 | Create | Archer |
| 17:23 | Create | Villager (Male) |
| 17:54 | Build | Stable |
| 17:56 | Create | Villager (Male) |
| 18:04 | Create | Archer |
| 18:35 | Research | Castle Age |
| 18:36 | Create | Archer |
| 19:03 | Build | Farm |
| 19:04 | Research | Fletching |
| 19:04 | Research | Fletching |
| 19:06 | Build | House |
| 19:08 | Build | House |
| 19:14 | Research | Double-Bit Axe |
| 19:14 | Research | Double-Bit Axe |
| 19:15 | Create | Archer |
| 19:34 | Build | House |
| 19:43 | Create | Archer |
| 20:06 | Create | Villager (Male) |
| 20:28 | Create | Skirmisher |
| 20:28 | Create | Skirmisher |
| 20:33 | Research | Padded Archer Armor |
| 20:35 | Build | Archery Range |
| 20:41 | Create | Skirmisher |
| 20:44 | Build | Palisade Wall |
| 20:56 | Create | Skirmisher |
| 21:00 | Age | Castle Age |
| 21:07 | Research | Bodkin Arrow |
| 21:07 | Research | Bodkin Arrow |
| 21:12 | Create | Villager (Male) |
| 21:27 | Create | Skirmisher |
Build order — [ASYNC]GodsPrisoner
First 150 of 713 actions detected
| 0:01 | Create | Villager (Male) |
| 0:02 | Build | House |
| 0:03 | Build | House |
| 0:17 | Create | Villager (Male) |
| 0:17 | Create | Villager (Male) |
| 0:17 | Create | Villager (Male) |
| 1:28 | Create | Villager (Male) |
| 1:41 | Create | Villager (Male) |
| 2:09 | Create | Villager (Male) |
| 2:28 | Build | Mill |
| 2:33 | Create | Villager (Male) |
| 3:03 | Create | Villager (Male) |
| 3:31 | Create | Villager (Male) |
| 3:51 | Build | House |
| 3:52 | Build | House |
| 3:59 | Create | Villager (Male) |
| 4:15 | Create | Villager (Male) |
| 4:47 | Create | Villager (Male) |
| 5:18 | Build | Lumber Camp |
| 5:23 | Create | Villager (Male) |
| 5:45 | Create | Villager (Male) |
| 6:16 | Create | Villager (Male) |
| 6:24 | Research | Loom |
| 7:03 | Research | Feudal Age |
| 7:38 | Build | Barracks |
| 7:41 | Build | Palisade Wall |
| 7:43 | Build | Palisade Wall |
| 7:44 | Build | Palisade Wall |
| 8:09 | Build | House |
| 8:18 | Build | House |
| 8:43 | Build | Palisade Wall |
| 9:00 | Build | House |
| 9:04 | Create | Villager (Male) |
| 9:16 | Age | Feudal Age |
| 9:18 | Build | Stable |
| 9:20 | Research | Double-Bit Axe |
| 9:21 | Create | Villager (Male) |
| 9:29 | Build | House |
| 9:34 | Build | Palisade Wall |
| 9:35 | Build | Palisade Wall |
| 9:40 | Create | Villager (Male) |
| 9:48 | Create | Spearman |
| 9:57 | Create | Scout Cavalry |
| 9:57 | Create | Scout Cavalry |
| 9:58 | Create | Villager (Male) |
| 10:02 | Build | House |
| 10:12 | Create | Villager (Male) |
| 10:26 | Create | Villager (Male) |
| 10:28 | Create | Villager (Male) |
| 10:44 | Build | Archery Range |
| 10:46 | Build | House |
| 10:49 | Create | Scout Cavalry |
| 10:57 | Build | House |
| 11:00 | Build | Palisade Wall |
| 11:08 | Create | Villager (Male) |
| 11:26 | Create | Skirmisher |
| 11:42 | Build | Farm |
| 11:44 | Build | Farm |
| 11:45 | Build | Farm |
| 11:51 | Build | Farm |
| 12:02 | Create | Skirmisher |
| 12:05 | Build | Farm |
| 12:08 | Create | Archer |
| 12:11 | Build | Farm |
| 12:21 | Build | Farm |
| 12:39 | Build | Mill |
| 12:52 | Create | Villager (Male) |
| 13:12 | Create | Villager (Male) |
| 13:23 | Build | Farm |
| 13:25 | Build | Farm |
| 13:27 | Create | Skirmisher |
| 13:27 | Create | Skirmisher |
| 13:35 | Build | Farm |
| 13:37 | Build | Farm |
| 13:45 | Build | Farm |
| 13:49 | Build | Palisade Wall |
| 13:51 | Build | Palisade Wall |
| 13:54 | Build | House |
| 13:59 | Create | Villager (Male) |
| 14:01 | Build | Palisade Wall |
| 14:04 | Build | Palisade Wall |
| 14:10 | Create | Villager (Male) |
| 14:14 | Build | Mining Camp |
| 14:17 | Build | Farm |
| 14:25 | Create | Villager (Male) |
| 14:42 | Build | Blacksmith |
| 14:48 | Create | Villager (Male) |
| 15:03 | Create | Villager (Male) |
| 15:17 | Create | Archer |
| 15:17 | Create | Archer |
| 15:19 | Create | Villager (Male) |
| 15:21 | Build | Palisade Wall |
| 15:26 | Create | Villager (Male) |
| 15:47 | Create | Archer |
| 15:50 | Create | Villager (Male) |
| 15:52 | Build | Archery Range |
| 15:56 | Research | Fletching |
| 16:11 | Build | Palisade Wall |
| 16:13 | Build | Palisade Wall |
| 16:21 | Research | Padded Archer Armor |
| 16:21 | Create | Villager (Male) |
| 16:24 | Build | Palisade Wall |
| 16:25 | Build | Palisade Wall |
| 16:30 | Build | House |
| 16:36 | Build | House |
| 16:38 | Create | Villager (Male) |
| 16:42 | Build | House |
| 16:43 | Create | Archer |
| 16:44 | Create | Archer |
| 16:53 | Create | Archer |
| 16:53 | Create | Archer |
| 16:53 | Create | Villager (Male) |
| 17:18 | Build | House |
| 17:21 | Create | Archer |
| 17:21 | Create | Archer |
| 17:26 | Build | House |
| 17:29 | Create | Archer |
| 17:29 | Create | Archer |
| 17:30 | Create | Villager (Male) |
| 17:51 | Build | House |
| 17:57 | Create | Archer |
| 17:59 | Create | Archer |
| 18:04 | Create | Archer |
| 18:04 | Create | Villager (Male) |
| 18:32 | Build | Lumber Camp |
| 19:13 | Create | Archer |
| 19:38 | Research | Castle Age |
| 19:45 | Create | Archer |
| 19:46 | Create | Archer |
| 19:59 | Create | Archer |
| 20:03 | Create | Archer |
| 20:25 | Create | Archer |
| 20:33 | Create | Archer |
| 20:38 | Create | Archer |
| 20:42 | Research | Horse Collar |
| 20:45 | Research | Gold Mining |
| 20:45 | Research | Gold Mining |
| 20:57 | Build | House |
| 20:58 | Build | House |
| 21:12 | Create | Archer |
| 21:43 | Create | Archer |
| 21:47 | Build | Lumber Camp |
| 21:51 | Create | Archer |
| 22:08 | Build | House |
| 22:18 | Age | Castle Age |
| 22:18 | Research | Wheelbarrow |
| 22:19 | Research | Crossbowman (upgrade) |
| 22:21 | Research | Bodkin Arrow |
| 22:23 | Create | Archer |
| 22:41 | Create | Villager (Male) |
Match timeline
| 4:00 | CNZS_Still in Love · first_building Barracks |
| 7:38 | [ASYNC]GodsPrisoner · first_building Barracks |
| 7:41 | [ASYNC]GodsPrisoner · wall_segment Palisade Wall x1 |
| 7:43 | [ASYNC]GodsPrisoner · wall_segment Palisade Wall x1 |
| 7:44 | [ASYNC]GodsPrisoner · wall_segment Palisade Wall x1 |
| 8:43 | [ASYNC]GodsPrisoner · wall_segment Palisade Wall x1 |
| 8:51 | CNZS_Still in Love · wall_segment Palisade Wall x5 |
| 8:56 | CNZS_Still in Love · wall_segment Palisade Wall x4 |
| 9:06 | CNZS_Still in Love · wall_segment Palisade Wall x11 |
| 9:16 | [ASYNC]GodsPrisoner · age_up feudal |
| 9:18 | [ASYNC]GodsPrisoner · first_building Stable |
| 9:34 | [ASYNC]GodsPrisoner · wall_segment Palisade Wall x1 |
| 9:35 | [ASYNC]GodsPrisoner · wall_segment Palisade Wall x1 |
| 10:01 | CNZS_Still in Love · age_up feudal |
| 10:05 | CNZS_Still in Love · first_building Archery Range |
| 10:44 | [ASYNC]GodsPrisoner · first_building Archery Range |
| 10:46 | CNZS_Still in Love · wall_segment Palisade Wall x1 |
| 11:00 | [ASYNC]GodsPrisoner · wall_segment Palisade Wall x1 |
| 11:15 | CNZS_Still in Love · wall_segment Palisade Wall x1 |
| 11:23 | CNZS_Still in Love · wall_segment Palisade Wall x1 |
| 12:39 | CNZS_Still in Love · wall_segment Palisade Wall x1 |
| 12:54 | CNZS_Still in Love · wall_segment Palisade Wall x3 |
| 13:08 | CNZS_Still in Love · wall_segment Palisade Wall x1 |
| 13:12 | CNZS_Still in Love · wall_segment Palisade Wall x2 |
| 13:13 | CNZS_Still in Love · wall_segment Palisade Wall x1 |
| 13:23 | CNZS_Still in Love · wall_segment Palisade Wall x1 |
| 13:25 | CNZS_Still in Love · wall_segment Palisade Wall x1 |
| 13:27 | CNZS_Still in Love · wall_segment Palisade Wall x2 |
| 13:49 | [ASYNC]GodsPrisoner · wall_segment Palisade Wall x1 |
| 13:51 | [ASYNC]GodsPrisoner · wall_segment Palisade Wall x1 |
| 14:01 | [ASYNC]GodsPrisoner · wall_segment Palisade Wall x1 |
| 14:04 | [ASYNC]GodsPrisoner · wall_segment Palisade Wall x1 |
| 15:21 | [ASYNC]GodsPrisoner · wall_segment Palisade Wall x1 |
| 16:11 | [ASYNC]GodsPrisoner · wall_segment Palisade Wall x5 |
| 16:13 | [ASYNC]GodsPrisoner · wall_segment Palisade Wall x6 |
| 16:24 | [ASYNC]GodsPrisoner · wall_segment Palisade Wall x3 |
| 16:25 | [ASYNC]GodsPrisoner · wall_segment Palisade Wall x7 |
| 17:54 | CNZS_Still in Love · first_building Stable |
| 20:44 | CNZS_Still in Love · wall_segment Palisade Wall x1 |
| 21:00 | CNZS_Still in Love · age_up castle |
| 22:18 | [ASYNC]GodsPrisoner · age_up castle |
| 22:58 | [ASYNC]GodsPrisoner · first_building Siege Workshop |
| 26:25 | [ASYNC]GodsPrisoner · first_building Monastery |
| 26:45 | CNZS_Still in Love · first_building Siege Workshop |
| 30:47 | CNZS_Still in Love · first_building Monastery |
| 33:01 | [ASYNC]GodsPrisoner · first_market_sell 100 wood |
| 33:10 | [ASYNC]GodsPrisoner · first_building Castle |
| 33:20 | CNZS_Still in Love · first_building Castle |
| 35:22 | [ASYNC]GodsPrisoner · first_market_buy 100 food |
| 36:26 | [ASYNC]GodsPrisoner · wall_segment Palisade Wall x1 |
| 38:06 | CNZS_Still in Love · wall_segment Stone Wall x1 |
| 39:12 | [ASYNC]GodsPrisoner · age_up imperial |
| 41:32 | CNZS_Still in Love · age_up imperial |
| 41:53 | CNZS_Still in Love · first_market_sell 100 food |
| 44:07 | CNZS_Still in Love · first_market_buy 100 wood |
| 54:39 | [ASYNC]GodsPrisoner · resign |
[ AI ANALYSIS · 1 CREDIT ]
What really happened in this match?
Wolo.gg analyzes every decision: build order, eco, micro, common mistakes by bracket. Personalized analysis on WhatsApp or Discord in 30 seconds.
Civ guide
Persians
Perfil
Still in Love